 Dungeon Crawl Stone Soup version bcrawl-1.17.3 (webtiles) character file.

Game seed: 12281116644730173762

399 Freyura the Cudgeler (level 6, -5/47 HPs)
             Began as a Demonspawn Gladiator on Oct 30, 2019.
             Slain by an ogre
             ... wielding a +0 giant spiked club
              (11 damage)
             ... on level 4 of the Dungeon.
             The game lasted 00:10:25 (3843 turns).

Freyura the Cudgeler (Demonspawn Gladiator)         Turns: 3843, Time: 00:10:26

Health: -5/47      AC: 12    Str: 15    XL:     6   Next: 53%
Magic:  6/6        EV:  8    Int:  9    God:
Gold:   33         SH:  0    Dex: 16    Spells: 5/5 levels left

rFire    . . .     SeeInvis .   a - +0 flail
rCold    . . .     Gourm    .   (no shield)
rNeg     . . .     Faith    .   h - +0 chain mail
rPois    .         Spirit   .   c - +0 helmet
rElec    +         Reflect  .   (no cloak)
rCorr    .         Harm     .   (no gloves)
MR       .....                  (no boots)
Stlth    ..........             (no amulet)
HPRegen  0.15/turn              j - ring of insulation
MPRegen  0.10/turn              (no ring)

@: no status effects
A: talons 1, yellow scales 1, rot immunity
a: no special abilities


You were on level 4 of the Dungeon.
You were not hungry.

You visited 1 branch of the dungeon, and saw 4 of its levels.

You collected 33 gold pieces.

Inventory:

Hand Weapons
 a - a +0 flail (weapon)
Missiles
 d - 3 throwing nets (quivered) {!f}
Armour
 c - a +0 helmet (worn)
 h - a +0 chain mail (worn)
Jewellery
 j - a ring of insulation (left hand)
Scrolls
 e - a scroll of teleportation {unknown}
 g - 3 scrolls of identify
 i - a scroll of enchant weapon {unknown}
 k - a scroll of fear
 l - a scroll of remove curse
 n - a scroll of enchant armour {unknown}
 o - a scroll of blinking {unknown}
 q - a scroll of magic mapping {unknown}
Potions
 u - a potion of curing
Comestibles
 f - 3 rations {!d}


   Skills:
 + Level 3.5 Fighting
 * Level 4.7 Maces & Flails
 - Level 1.7 Throwing
 + Level 2.4 Armour
 + Level 3.8 Dodging


You had 5 spell levels left.
You didn't know any spells.
Your spell library was empty.

Dungeon Overview and Level Annotations

Branches:
Dungeon (4/12)
 Temple: D:4-7

Altars:
Ashenzari
Gozag
Hepliaklqana
Kikubaaqudgha
Yredelemnul


Innate Abilities, Weirdness & Mutations

You have sharp toenails.
You are partially covered in yellow scales. (AC +2)
You are immune to rotting.


Message History

Things that are here:
a +0 giant club; a hound skeleton
Found a stone staircase leading down.
An ogre and a skeleton come into view.
The ogre shouts!
Found 19 gold pieces.
You hit the ogre. Your kick misses the ogre.
The ogre is lightly wounded.
The ogre misses you.
You hit the ogre.
The ogre is moderately wounded.
The ogre hits you with a +0 giant spiked club!!
You hit the ogre.
The ogre is heavily wounded.
The ogre hits you with a +0 giant spiked club!!
* * * LOW HITPOINT WARNING * * *
You sock the ogre! Your kick misses the ogre.
The ogre is almost dead.
The ogre hits you with a +0 giant spiked club!
You die...

..# ############ ..#
#..>.......# # ?..
#.#.######.# .## #.# #
#.#.# #.## ...#...#
#.#.######..#
#####.#.#.#.##.#.........)
.Z..O.......##.#########.#
#.######.# #.. #ZO@.....#
##. ########## #. .. ..
.S. O.. .)..


You could see an ogre and an adder skeleton.

Vanquished Creatures
  An ogre (D:4)
  A crimson imp (D:4)
  A hound (D:4)
  An iguana (D:3)
  Natasha (thrice) (D:3)
  A hound skeleton (D:3)
  A howler monkey zombie (D:4)
  An adder (D:3)
  4 worms
  4 dart slugs
  4 leopard geckos
  9 orcs (D:3)
  A ball python (D:1)
  5 giant cockroaches
  6 goblins
  7 hobgoblins
  5 jackals
  11 kobolds
  5 quokkas
  7 bats
  4 frilled lizards
  6 rats
88 creatures vanquished.

Vanquished Creatures (others)
  A fungus (D:2)
  A plant (D:2)
2 creatures vanquished.

Grand Total: 90 creatures vanquished

Notes
Turn   | Place    | Note
-------+----------+-------------------------------------------
     0 | D:1      | Freyura the Demonspawn Gladiator began the quest for the
                  | Orb.
     0 | D:1      | Reached XP level 1. HP: 16/16 MP: 1/1
   172 | D:1      | Gained mutation: You have sharp toenails. [demonic
                  | ancestry]
   172 | D:1      | Reached XP level 2. HP: 6/22 MP: 2/2
   473 | D:1      | Reached skill level 3 in Maces & Flails
   691 | D:1      | Reached XP level 3. HP: 27/28 MP: 3/3
   723 | D:1      | Reached skill level 1 in Armour
  1149 | D:2      | Found a basalt altar of Yredelemnul.
  1491 | D:2      | Reached XP level 4. HP: 34/34 MP: 4/4
  1547 | D:2      | Found a shattered altar of Ashenzari.
  1551 | D:2      | Saw a vision of the Swamp and the Spider Nest.
  1551 | D:2      | Noticed a wolf spider
  1551 | D:2      | Noticed a redback
  1551 | D:2      | Noticed a wolf spider
  1551 | D:2      | Noticed a water moccasin
  1551 | D:2      | Noticed an alligator
  1962 | D:2      | Found an ancient bone altar of Kikubaaqudgha.
  1995 | D:3      | Found an opulent altar of Gozag.
  2216 | D:3      | Found a hazy altar of Hepliaklqana.
  2530 | D:3      | Reached skill level 4 in Maces & Flails
  2530 | D:3      | Gained mutation: You are immune to rotting. [demonic
                  | ancestry]
  2530 | D:3      | Reached XP level 5. HP: 27/40 MP: 5/5
  2788 | D:3      | Noticed Natasha
  2794 | D:3      | Killed Natasha
  2980 | D:3      | Noticed Natasha
  2985 | D:3      | Killed Natasha
  3151 | D:3      | Noticed Natasha
  3160 | D:3      | Killed Natasha
  3447 | D:4      | Gained mutation: You are partially covered in yellow
                  | scales. (AC +2) [demonic ancestry]
  3447 | D:4      | Reached XP level 6. HP: 44/47 MP: 6/6
  3843 | D:4      | Slain by an ogre

Skill      XL: |  1  2  3  4  5 |
---------------+----------------+-----
Maces & Flails | 3 4 |  4.7
Dodging        | 3 |  3.8
Armour         | 1 2 |  2.4
Fighting       | 3 |  3.5
Throwing       | |  1.7

Action                   |  1- 3 |  4- 6 || total
-------------------------+-------+-------++-------
Melee: Flail             |   124 |   135 ||   259
       Kick              |    26 |    30 ||    56
  Use: Scroll            |       |     6 ||     6
 Stab: Sleeping          |       |     1 ||     1
  Eat: Chunk             |     2 |     5 ||     7
       Ration            |       |     1 ||     1
Armor: Leather armour    |    29 |    27 ||    56
       Chain mail        |       |    18 ||    18
Dodge: Dodged            |    80 |    75 ||   155
